Map: Ulrena

Players

ExarKun

  • Race: Protoss Protoss
  • League: Gold

Grumm - Winner!

  • Race: Protoss Protoss
  • League: Gold

VOD

Have the link to the VOD?

Description

Time

  • Played on: Jan. 10, 2016, 9:32 p.m.
  • Length: 6:59
Show
View Real Time Build Order
Export as new Build Order

ExarKun Protoss 

Build Orders:  

Get SALT Encoding   

  12  0:04  Probe (Chrono Boost)  
  13  0:14  Probe (Chrono Boost)  
  14  0:22  Pylon  
  14  0:28  Probe (Chrono Boost)  
  15  0:40  Probe (Chrono Boost)  
  16  0:46  Forge  
  16  0:57  Pylon  
  16  1:20  Photon Cannon  
  16  1:24  Pylon  
  16  1:29  Pylon  
  16  1:34  Photon Cannon  
  16  1:35  Pylon  
  16  1:51  Pylon  
  16  2:02  Pylon  
  16  2:10  Photon Cannon  
  16  2:12  Photon Cannon  
  16  2:18  Photon Cannon  
  16  2:26  Pylon  
  15  2:48  Probe (Chrono Boost)  
  17  2:58  Probe (Chrono Boost)  
  17  3:09  Probe (Chrono Boost)  
  17  3:10  Gateway  
  18  3:17  Nexus  
  18  3:23  Pylon  
  18  4:02  Probe (Chrono Boost)  
  18  4:12  Probe (Chrono Boost)  
  13  4:27  Gateway  
  11  4:42  Probe (Chrono Boost)  
  11  4:43  Probe (Chrono Boost)  
  13  4:47  Gateway  
  13  4:49  Gateway  
  13  4:51  Pylon  
  13  4:53  Probe (Chrono Boost)  
  12  5:06  Photon Cannon  
  10  5:11  Photon Cannon  
  10  5:29  Photon Cannon  
  9  5:40  Pylon  
  6  6:46  Photon Cannon  
Show
View Real Time Build Order
Export as new Build Order

Grumm Protoss - Winner!

Build Orders:  

Get SALT Encoding   

  12  0:01  Probe (Chrono Boost)  
  13  0:12  Probe (Chrono Boost)  
  14  0:17  Pylon  
  14  0:25  Probe (Chrono Boost)  
  15  0:30  Assimilator  
  15  0:42  Gateway  
  15  0:45  Probe (Chrono Boost)  
  16  0:55  Probe (Chrono Boost)  
  17  1:06  Probe (Chrono Boost)  
  18  1:16  Probe (Chrono Boost)  
  18  1:17  Forge  
  19  1:20  Pylon  
  19  1:27  Probe (Chrono Boost)  
  19  1:30  Zealot  
  22  1:41  Probe (Chrono Boost)  
  23  1:57  Photon Cannon  
  22  2:11  Photon Cannon  
  22  2:21  Photon Cannon  
  22  2:37  Pylon  
  18  2:51  Cybernetics Core  
  18  2:52  Probe (Chrono Boost)  
  19  3:00  Photon Cannon  
  19  3:02  Probe (Chrono Boost)  
  20  3:17  Pylon  
  20  3:19  Probe (Chrono Boost)  
  21  3:30  Probe (Chrono Boost)  
  22  3:37  Photon Cannon  
  22  3:38  Photon Cannon  
  22  3:40  Pylon  
  22  3:53  Photon Cannon  
  21  4:00  Mothership Core (Chrono Boost)  
  23  4:02  Assimilator  
  23  4:13  Protoss Ground Weapons Level 1 (Chrono Boost)  
  23  4:17  Gateway  
  23  4:18  Warp Gate (Chrono Boost)  
  23  4:26  Gateway  
  23  4:58  Probe  
  24  5:12  Robotics Facility  
  24  5:14  Pylon  
  24  5:15  Stalker x2  
  28  5:40  Probe  
  29  5:48  Zealot x3  
  36  6:18  Probe  
  36  6:22  Warp Prism  
  38  6:32  Stalker x2  
  40  6:33  Stalker  
Tags
 
League
GoldGold
Matchup
PvP
Replay Pack
sc2 replays 2016
Add a new tag
Caveats
  • Supply blocks, unpowered buildings, or Contaminate may cause inaccurate times.
  • Supply counts are checked every 10 seconds.